 Dungeon Crawl Stone Soup version 0.28-a0-537-g3bccd9ccbf (webtiles) character file.

Game seed: 12676281677001288459

3860 Tocho the Impaler (level 10, -13/70 (79) HPs)
             Began as a Merfolk Gladiator on Sept 27, 2021.
             Was a Believer of the Shining One.
             Killed from afar by a gnoll (39 damage)
             ... with a bolt of acid
             ... on level 7 of the Dungeon.
             The game lasted 00:13:34 (7929 turns).

Tocho the Impaler (Merfolk Gladiator)               Turns: 7929, Time: 00:13:35

HP:   -13/70 (79)   AC:  8    Str: 18    XL:     10   Next: 18%
MP:   10/10         EV: 14    Int:  8    God:    the Shining One [**....]
Gold: 326           SH:  0    Dex: 15    Spells: 9/9 levels left

rFire   + . .      SeeInvis .   a - +0 trident
rCold   . . .      Faith    .   (no shield)
rNeg    + . .      Spirit   .   B - +1 ring mail {rF+}
rPois   .          Reflect  .   c - +0 helmet
rElec   .          Harm     .   y - +0 cloak
rCorr   .          Rampage  .   (no gloves)
Will    .....                   f - +2 pair of boots
Stlth   +.........              E - amulet of regeneration
HPRegen 1.21/turn               (no ring)
MPRegen 0.12/turn               (no ring)

@: corroded, glowing, heavily drained
A: (nimble swimmer 2), mertail
a: Renounce Religion, Divine Shield


You were on level 7 of the Dungeon.
You worshipped the Shining One.
The Shining One was pleased with you.
You visited 1 branch of the dungeon, and saw 7 of its levels.
You also visited: Sewer.

You collected 326 gold pieces.

Inventory:

Hand Weapons
 a - a +0 trident (weapon)
Missiles
 d - 5 throwing nets (quivered)
 A - 10 poisoned darts
 G - 6 silver boomerangs
Armour
 b - a +0 leather armour
 c - a +0 helmet (worn)
 f - a +2 pair of boots (worn)
 y - a +0 cloak (worn)
 B - a +1 ring mail of fire resistance (worn)
Jewellery
 g - an amulet of the acrobat
 E - an amulet of regeneration (around neck)
Scrolls
 h - a scroll of enchant armour {unknown}
 j - 2 scrolls of magic mapping
 q - 3 scrolls of blinking {unknown}
 s - 4 scrolls of fog {unknown}
 t - 2 scrolls of brand weapon {unknown}
 u - 4 scrolls of teleportation {unknown}
 w - 3 scrolls of noise {unknown}
 x - 3 scrolls of identify
 z - a scroll of enchant weapon {unknown}
 D - a scroll of torment {unknown}
 I - 2 scrolls of fear {unknown}
 K - a scroll of acquirement {unknown}
Potions
 e - 2 potions of ambrosia {unknown}
 i - a potion of attraction {unknown}
 k - 2 potions of curing
 l - 2 potions of flight {unknown}
 m - a potion of mutation {unknown}
 n - a potion of might {unknown}
 o - 5 potions of heal wounds
 p - a potion of resistance {unknown}
 r - 3 potions of berserk rage {unknown}
 v - a potion of magic {unknown}
 C - a potion of lignification {unknown}
 F - a potion of degeneration {unknown}
 H - a potion of cancellation {unknown}
 J - a potion of haste {unknown}


   Skills:
 * Level 7.5 Fighting
 * Level 15.0 Polearms
 + Level 2.4 Throwing
 + Level 3.2 Armour
 * Level 8.2 Dodging
 + Level 1.9 Stealth


You had 9 spell levels left.
You didn't know any spells.
Your spell library contained the following spells:

 Spells                   Type           Power      Damage    Failure   Level
 Animate Skeleton         Necr           0%         N/A       58%         1
 Apportation              Tloc           0%         N/A       58%         1
 Summon Small Mammal      Summ           0%         N/A       58%         1
 Blink                    Tloc           N/A        N/A       75%         2
 Corpse Rot               Necr/Air       N/A        N/A       75%         2
 Poisonous Vapours        Pois/Air       0%         N/A       75%         2
 Ignite Poison            Fire/Tmut/Pois 0%         N/A       92%         3
 Lesser Beckoning         Tloc           0%         N/A       92%         3
 Mephitic Cloud           Conj/Pois/Air  0%         N/A       92%         3
 Ozocubu's Armour         Ice            0%         N/A       92%         3
 Freezing Cloud           Conj/Ice/Air   0%         6-21      100%        5
 Manifold Assault         Tloc           0%         N/A       100%        5
 Ozocubu's Refrigeration  Ice            0%         4d5       100%        7


Dungeon Overview and Level Annotations

Branches:
Dungeon (7/15)              Sewer (visited)
 Temple: D:4-7

Altars:
Nemelex Xobeh
Vehumet
The Shining One

Annotations:
D:6 1 runed translucent door


Innate Abilities, Weirdness & Mutations

((You are quick and stealthy near water. (Stealth+, EV+, Speed+++)))
Your lower body shifts to a powerful aquatic tail in water.


Message History

You destroy the wight!
The Shining One accepts your kill. The howler monkey barely misses you.
You puncture the howler monkey!
The howler monkey is severely wounded.
The wight hits you with a +0 battleaxe.
You hit the howler monkey.
You kill the howler monkey!
The wight hits you with a +0 battleaxe.
Your Polearms skill increases to level 15!
You puncture the wight!
The wight is heavily damaged.
You hit the wight but do no damage.
The wight is heavily damaged.
The wight closely misses you.
You hit the wight.
The wight is almost destroyed.
You hit the wight.
You destroy the wight!
The Shining One accepts your kill.
No target in view!
Things that are here:
a +0 battleaxe; a +0 robe A gnoll comes into view.
It is wielding a +0 spear and carrying a wand of acid (7).
Things that are here:
a +0 battleaxe; a +0 robe
Things that are here:
a +4 mace; a +0 robe A gnoll shaman comes into view.
It is wielding a +0 whip.
The gnoll zaps a wand.
The bolt of acid hits you!! The acid corrodes you!
The gnoll throws a throwing net.
The throwing net closely misses you.
A gnoll comes into view. It is wielding a +1 spear of flaming.
The gnoll shouts!
The gnoll hits you but does no damage.
A gnoll comes into view. It is wielding a +0 halberd.
The gnoll shaman calls upon its god to speed up the gnoll.
The gnoll seems to speed up.
The gnoll zaps a wand.
The bolt of acid hits you!!!
Ouch! That really hurt!
You die...

...g .##........#.##...#
..... .#...........#.###
..g....##........#####
........#..#...###.#
......#.##...###...##
......#..#.###...#..#
......gg.#'#........##
.........#...........#
.......@.##.#).......##
..........#.....⌠.....#
........))##........#.##
.^......)..#...........+
.........#.##........###
.......(.#))#..#...#####
###########.##...###...#
#..#)###...#.#
#..#)#...###.>


You could see a gnoll shaman and 2 gnolls.

Vanquished Creatures
  The ghost of SkeletonJelly the Cleaver, a novice PaBe of Trog (D:6)
  An ugly thing (D:6)
  A wyvern (D:7)
  Menkaure (D:4)
  A water moccasin (D:7)
  A sky beast (D:4)
  An ice beast (D:6)
  5 ogres
  A phantom (D:5)
  5 bullfrogs
  A scorpion (D:5)
  2 water moccasin zombies (D:4)
  5 wights (D:7)
  2 howler monkeys
  A centaur zombie (D:4)
  4 hounds
  4 jellies
  A gnoll shaman (D:4)
  4 orc priests
  A bullfrog skeleton (D:6)
  2 iguanas
  Natasha (thrice) (D:4)
  5 orc wizards
  3 scorpion zombies (D:4)
  A killer bee zombie (D:4)
  2 hound zombies (D:4)
  A hound skeleton (D:4)
  2 howler monkey zombies (D:4)
  5 gnolls (D:4)
  A howler monkey skeleton (D:7)
  3 river rats
  8 adders
  3 shadow imps
  3 white imps
  An ufetubus (D:6)
  2 adder zombies (D:4)
  An adder skeleton (D:4)
  3 dart slugs
  22 orcs
  5 bats
  16 endoplasms
  4 giant cockroaches
  6 goblins
  7 hobgoblins
  3 jackals (D:4)
  11 kobolds
  7 quokkas
  12 ball pythons
  8 frilled lizards
  A quokka zombie (D:4)
  7 rats
201 creatures vanquished.

Vanquished Creatures (others)
  2 fungi (D:2)
  11 toadstools (D:2)
  A withered plant (D:4)
14 creatures vanquished.

Grand Total: 215 creatures vanquished

Notes
Turn   | Place    | Note
-------+----------+-------------------------------------------
     0 | D:1      | Tocho the Merfolk Gladiator began the quest for the Orb.
     0 | D:1      | Reached XP level 1. HP: 16/16 MP: 1/1
    68 | D:1      | Reached XP level 2. HP: 19/22 MP: 2/2
   472 | D:1      | Reached skill level 5 in Polearms
   497 | D:1      | Reached XP level 3. HP: 27/27 MP: 3/3
  1054 | D:2      | Reached XP level 4. HP: 28/34 MP: 4/4
  1077 | D:2      | Reached skill level 6 in Polearms
  1764 | D:2      | Reached XP level 5. HP: 40/40 MP: 5/5
  2093 | D:2      | Found a faded altar of an unknown god.
  2192 | D:3      | Found a glowing drain.
  2305 | Sewer    | Entered a sewer
  2342 | Sewer    | Reached skill level 7 in Polearms
  2526 | Sewer    | Reached skill level 5 in Dodging
  2571 | Sewer    | Reached skill level 1 in Stealth
  2868 | D:3      | Reached XP level 6. HP: 35/47 MP: 6/6
  3006 | D:3      | Reached skill level 1 in Armour
  4042 | D:4      | Reached skill level 8 in Polearms
  4141 | D:4      | Reached XP level 7. HP: 31/53 MP: 7/7
  4343 | D:4      | Identified the +3 mace of Nuesch {vorpal, rC++ rCorr}
  4502 | D:4      | Reached skill level 9 in Polearms
  4534 | D:4      | Found a radiant altar of Vehumet.
  4832 | D:4      | Noticed Natasha
  4840 | D:4      | Killed Natasha
  4869 | D:4      | Reached XP level 8. HP: 45/61 MP: 8/8
  4888 | D:4      | Noticed Menkaure
  4896 | D:4      | Killed Menkaure
  4897 | D:4      | Reached skill level 10 in Polearms
  5312 | D:4      | Noticed Natasha
  5324 | D:4      | Killed Natasha
  5399 | D:4      | Noticed Natasha
  5410 | D:4      | Killed Natasha
  5429 | D:5      | Entered Level 5 of the Dungeon
  5441 | D:5      | Reached skill level 11 in Polearms
  5653 | D:5      | Reached skill level 5 in Fighting
  5870 | D:5      | Found a glowing golden altar of the Shining One.
  5956 | D:5      | Became a worshipper of the Shining One
  6005 | D:5      | Found a sparkling altar of Nemelex Xobeh.
  6280 | D:6      | Found a runed translucent door.
  6281 | D:6      | Noticed SkeletonJelly's ghost (novice PaBe)
  6458 | D:6      | Found a runed translucent door.
  6477 | D:6      | Reached skill level 12 in Polearms
  6486 | D:6      | Reached XP level 9. HP: 69/69 MP: 9/9
  6509 | D:6      | Killed SkeletonJelly's ghost
  6592 | D:6      | Reached skill level 13 in Polearms
  6897 | D:6      | Noticed a green ugly thing
  6921 | D:6      | Killed a green ugly thing
  6922 | D:6      | Reached skill level 14 in Polearms
  7611 | D:7      | Reached * piety under the Shining One
  7628 | D:7      | Reached XP level 10. HP: 72/79 MP: 10/10
  7904 | D:7      | Reached ** piety under the Shining One
  7917 | D:7      | Reached skill level 15 in Polearms
  7929 | D:7      | Killed from afar by a gnoll

Illustrated notes

Levels and vault maps discovered:
D:1:      pf_arrival_petrified_forest, layout_basic, minmay_indecisive_spiral
D:2:      cheibrodos_fertilizer, layout_loops_ring, basic_ecumenical_altar
D:3:      layout_basic, cheibrodos_sewer_entry_sluice
D:4:      layout_cave_pools, fiery_altar_vehumet, serial_undead,
          serial_undead_c, serial_undead_d, serial_undead_f, serial_undead_a,
          serial_undead_d, uniq_natasha, uniq_menkaure
D:5:      layout_rooms, old_standard_altar, mainiacjoe_overflow_tiny_flanked
D:6:      layout_basic, ebering_ghost_sewer_f
D:7:      minmay_skewed_foursquare, layout_basic, temple_hall

Skill      XL: |  1  2  3  4  5  6  7  8  9 10 |
---------------+-------------------------------+-----
Polearms       | 5 6 7 8 9 12 14 15 | 15.0
Fighting       | 3 4 5 7 |  7.5
Dodging        | 5 6 7 8 |  8.2
Stealth        | 1 |  1.9
Armour         | 1 2 3 |  3.2
Throwing       | |  2.4

Action                   |  1- 3 |  4- 6 |  7- 9 | 10-12 || total
-------------------------+-------+-------+-------+-------++-------
Melee: Trident           |    87 |   329 |   380 |    96 ||   892
       Tailslap          |       |     2 |       |       ||     2
  Use: Scroll            |       |     3 |       |       ||     3
 Stab: Sleeping          |     1 |     6 |       |       ||     7
       Distracted        |       |     1 |       |       ||     1
Armor: Leather armour    |    20 |    88 |    28 |       ||   136
       Ring mail         |       |       |    60 |    31 ||    91
Dodge: Dodged            |    48 |   173 |   187 |    46 ||   454

Table legend: (Time is in decaauts)
 A = Elapsed time spent in this place.
 B = Non-inter-level travel time spent in this place.
 C = Inter-level travel time spent in this place.
 D = Time resting spent in this place.
 E = Time spent auto-exploring this place.
 F = Levels seen in this place.
 G = Mean time per level.
                   A        B        C        D        E       F      G
               +--------+--------+--------+--------+--------+-----+--------+
         Total |   7727 |   7522 |    205 |    791 |   5167 |   8 |  965.9 |
       Dungeon |   7276 |   7071 |    205 |    791 |   4863 |   7 | 1039.4 |
         Sewer |    450 |    450 |      0 |      0 |    304 |   1 |  450.0 |
               +--------+--------+--------+--------+--------+-----+--------+

Top non-repeatable levels by time:
     D:4: 1511 daAuts
     D:6: 1346 daAuts
     D:2: 1297 daAuts
     D:3: 1223 daAuts
     D:1: 862 daAuts
     D:5: 789 daAuts
   Sewer: 450 daAuts
     D:7: 247 daAuts
